 Dungeon Crawl Stone Soup version 0.31.0-32-g396128a36d (webtiles) character file.

Game seed: 13751115189074936782

809 WackyWallWaker the Trooper (level 7, -10/70 HPs)
             Began as an Octopode Shapeshifter on Apr 8, 2024.
             Was an Initiate of Gozag.
             Mangled by an ogre
             ... wielding a +0 giant club
              (19 damage)
             ... on level 5 of the Dungeon.
             The game lasted 00:05:44 (4143 turns).

WackyWallWaker the Trooper (Octopode Shapeshifter)  Turns: 4143, Time: 00:05:44

Health: -10/70     AC: 23    Str: 17    XL:     7   Next: 92%
Magic:  7/7        EV:  2    Int: 15    God:    Gozag
Gold:   312        SH:  0    Dex: 17    Spells: 6/6 levels left

rFire   . .          .
                       - Unarmed
rCold   + . .        (no shield)
rNeg    . . .        (helmet currently unavailable)
rPois   +            (no amulet)
rElec   .            C - ring of protection from cold
rCorr   .            Y - +4 ring of slaying
SInv    .            t - ring "Oshe" {Str+4 Dex+6}
Will    .....        (no ring)
Stlth   ++           (no ring)
HPRegen 0.31/turn    (no ring)
MPRegen 0.10/turn    (no ring)
                     (no ring)

%: no passive effects
@: tree-form
A: stationary, stasis, torment immunity, boosted hp, almost no armour,
(amphibious), 8 rings, (camouflage 1), (gelatinous body 1), (nimble swimmer 1),
(tentacles), frail 1, sense surroundings 1
a: Renounce Religion, Potion Petition, Call Merchant, Bribe Branch


You were on level 5 of the Dungeon.
You worshipped Gozag.
Gozag was aware of your devotion.
You were a tree.
You visited 2 branches of the dungeon, and saw 6 of its levels.

You collected 378 gold pieces.
You paid 66 gold pieces to Gozag.


Innate Abilities, Weirdness & Mutations

You are a tree.
Your roots penetrate the ground, keeping you stationary.
You cannot be teleported.
You are immune to unholy pain and torment.
Your maximum health is greatly increased.
You cannot wear most types of armour.
((You are amphibious.))
You can wear up to eight rings at the same time.
((Your skin changes colour to match your surroundings (Stealth+).))
((Your rubbery body absorbs attacks. (AC +1, EV +1)))
((You are camouflaged when in or above water. (Stealth+)))
((You have tentacles for arms and can constrict up to eight enemies at once.))
You are frail. (-10% HP)
You passively map a small area around you.


   Skills:
 + Level 6.8 Fighting
 - Level 2.0 Dodging
 + Level 4.2 Unarmed Combat
 + Level 4.8 Shapeshifting


You had 6 spell levels left.
You didn't know any spells.
Your spell library contained the following spells:

 Spells                   Type           Power      Damage    Failure   Level
 Blink                    Tloc           0%         N/A       38%         2
 Lesser Beckoning         Tloc           0%         N/A       38%         2
 Momentum Strike          Conj/Tloc      0%         3d8       38%         2
 Ozocubu's Armour         Ice            0%         N/A       63%         3
 Metabolic Englaciation   Hex/Ice        0%         N/A       100%        5
 Sculpt Simulacrum        Ice/Alch       0%         N/A       100%        6

Inventory:

Missiles
 e - 6 poisoned darts (quivered)
Jewellery
 t - the ring "Oshe" (on tentacle) {Str+4 Dex+6}
   (You found it on level 3 of the Dungeon)

   [ring of dexterity]

   Str+4:     It affects your strength (+4).
   Dex+6:     It affects your dexterity (+6).
 C - a ring of protection from cold (left branch)
 Y - a +4 ring of slaying (right branch)
Talismans
 b - a beast talisman
 c - a flux talisman
Scrolls
 d - 2 scrolls of butterflies {unknown}
 g - a scroll of amnesia {unknown}
 h - a scroll of enchant weapon {unknown}
 j - 2 scrolls of revelation {unknown}
 k - 2 scrolls of poison
 l - a scroll of torment {unknown}
 m - 2 scrolls of blinking {unknown}
 p - a scroll of fear {unknown}
 q - 2 scrolls of teleportation {unknown}
 r - 3 scrolls of noise {unknown}
Potions
 f - 2 potions of haste {@q3}
 i - 3 potions of degeneration
 n - a potion of attraction
 o - a potion of might
 s - a potion of magic
 u - a potion of cancellation {unknown}
 v - a potion of brilliance {unknown}

Dungeon Overview and Level Annotations

Branches:
Dungeon (5/15)             Temple (1/1) D:4

Altars:
Ashenzari
Cheibriados
Fedhas
Gozag
Hepliaklqana
Kikubaaqudgha
Ru
Uskayaw
Wu Jian
Xom
Zin
The Shining One

Shops:
D:4

* ..... .#..### #.##.....
. #....#.###..#...... ,
.. #.......#... #...## ,,
... ..........# #....# ,
, .... ......##.###....#
.....## #...............
#.....O##.......#...#...
, #.$♣$.....###..####.
,......o..#..........###.
,
##.......#....##...##...
,
#.............###..#..##
......##.#.#...###.)..##
#..... #.#.#..####.).###
......,....#........## #
.......##....###.##..#<.
, .. ...#..... #....,


You could see an ogre and an orc.


Message History

You turn into a tree.
Your roots penetrate the ground.
You lose your grip on the orc.
The orc hits you but does no damage. x2
Unknown command.
You hit the orc but do no damage. The orc hits you with a +0 club.
* * * LOW HITPOINT WARNING * * *
The orc hits you but does no damage.
Unknown command.
You barely miss the orc. The orc hits you but does no damage. x2
Unknown command.
You smack the orc!
You kill the orc!
The orc hits you but does no damage. The ogre hits you with a +0 giant club!
* * * LOW HITPOINT WARNING * * *
Unknown command.
You hit the ogre.
The ogre is lightly wounded.
The orc hits you but does no damage.
Unknown command.
You smack the ogre!
The ogre is heavily wounded.
The ogre hits you with a +0 giant club!
* * * LOW HITPOINT WARNING * * *
The orc hits you but does no damage.
Unknown command.
You barely miss the ogre.
The ogre is heavily wounded.
The orc hits you but does no damage.
The ogre hits you with a +0 giant club!!
You die...
Your body crumbles into a pile of gold.

Skill      XL: |  1  2  3  4  5  6  7 |
---------------+----------------------+-----
Fighting       | 2 3 5 6 |  6.8
Shapeshifting  | 4 |  4.8
Unarmed Combat | 4 |  4.2
Dodging        | |  2.0

Action                     |  1- 3 |  4- 6 |  7- 9 || total
---------------------------+-------+-------+-------++-------
  Melee: Unarmed           |    61 |    74 |    33 ||   168
         Tentacles         |    14 |    22 |     8 ||    44
         Constrict         |    15 |    25 |     7 ||    47
         Punch             |     1 |     2 |     1 ||     4
    Use: Scroll            |       |     5 |     1 ||     6
         Potion            |       |       |     3 ||     3
   Stab: Sleeping          |     4 |     9 |     3 ||    16
         Distracted        |     1 |       |       ||     1
 Armour: Skin              |    24 |    29 |    20 ||    73
  Dodge: Dodged            |    32 |    25 |     8 ||    65

Levels and vault maps discovered:
D:1:      lightli_arrival_maybe_door_vault, layout_basic
D:2:      layout_basic, minmay_misc_feat_diagonals, uniq_natasha, uniq_sigmund
D:3:      layout_loops_ring, tso_metal_star, nicolae_figureground_pulse,
          uniq_crazy_yiuf_cottage
D:4:      layout_loops_corners, minmay_temple_entry_waves, minivault_27,
          nicolae_shop_overcharged_wands
D:5:      layout_cave_pools, uniq_menkaure, uniq_grinder, uniq_edmund
Temple:   grunt_temple_mini_profane

Notes
Turn   | Place    | Note
-------+----------+-------------------------------------------
     0 | D:1      | WackyWallWaker the Octopode Shapeshifter began the quest
                  | for the Orb.
     0 | D:1      | Reached XP level 1. HP: 13/13 MP: 1/1
    34 | D:1      | Reached skill level 2 in Fighting
    34 | D:1      | Reached XP level 2. HP: 11/19 MP: 2/2
   342 | D:1      | Reached XP level 3. HP: 25/25 MP: 3/3
   448 | D:1      | Reached skill level 3 in Fighting
   911 | D:2      | Noticed Natasha
   918 | D:2      | Killed Natasha
   919 | D:2      | Reached XP level 4. HP: 4/33 MP: 4/4
  1226 | D:2      | Reached skill level 4 in Fighting
  1290 | D:2      | Noticed Natasha
  1295 | D:2      | Killed Natasha
  1561 | D:2      | Noticed Sigmund
  1569 | D:2      | Killed Sigmund
  1570 | D:2      | Reached skill level 4 in Shapeshifting
  1570 | D:2      | Reached skill level 5 in Fighting
  1570 | D:2      | Reached XP level 5. HP: 39/39 MP: 5/5
  1570 | D:2      | Reached XP level 6. HP: 45/45 MP: 6/6
  1780 | D:2      | Noticed Natasha
  1786 | D:2      | Killed Natasha
  2095 | D:3      | Found a glowing golden altar of the Shining One.
  2123 | D:3      | Found a runed translucent door.
  2124 | D:3      | Noticed Crazy Yiuf
  2597 | D:3      | Identified the ring "Oshe" {Str+4 Dex+6}
  2670 | D:3      | Killed Crazy Yiuf
  2671 | D:3      | Reached skill level 6 in Fighting
  2769 | D:4      | Found a staircase to the Ecumenical Temple.
  2776 | Temple   | Entered the Ecumenical Temple
  2820 | Temple   | Became a worshipper of Gozag Ym Sagoz the Greedy
  3035 | D:4      | Reached XP level 7. HP: 31/52 MP: 7/7
  3036 | D:4      | Gained mutation: You passively map a small area around you.
                  | [potion of mutation]
  3036 | D:4      | Gained mutation: You are frail. (-10% HP) [potion of
                  | mutation]
  3335 | D:4      | Found Cexofe's Overcharged Wands.
  4083 | D:5      | Entered Level 5 of the Dungeon
  4122 | D:5      | Noticed Menkaure
  4129 | D:5      | Killed Menkaure
  4130 | D:5      | Reached skill level 4 in Unarmed Combat
  4143 | D:5      | Mangled by an ogre

Vanquished Creatures
  Sigmund (D:2)
  Menkaure (D:5)
  A bullfrog (D:4)
  2 jellies (D:4)
  A bombardier beetle (D:4)
  3 orc priests
  Crazy Yiuf (D:3)
  Natasha (thrice) (D:2)
  2 orc wizards
  A ribbon worm (D:4)
  A dart slug (D:2)
  16 orcs
  6 ball pythons
  3 endoplasms
  4 giant cockroaches
  7 goblins
  11 hobgoblins
  4 jackals (D:1)
  9 bats
  7 frilled lizards
  9 kobolds
  6 rats
99 creatures vanquished.

Table legend: (Time is in decaauts)
 A = Elapsed time spent in this place.
 B = Non-inter-level travel time spent in this place.
 C = Inter-level travel time spent in this place.
 D = Time resting spent in this place.
 E = Time spent auto-exploring this place.
 F = Levels seen in this place.
 G = Mean time per level.
                   A        B        C        D        E       F      G
               +--------+--------+--------+--------+--------+-----+--------+
         Total |   4141 |   3914 |    227 |    524 |   2775 |   6 |  690.2 |
       Dungeon |   4058 |   3912 |    146 |    524 |   2775 |   5 |  811.6 |
        Temple |     82 |      2 |     80 |      0 |      0 |   1 |   82.0 |
               +--------+--------+--------+--------+--------+-----+--------+

Top non-repeatable levels by time:
     D:4: 1236 daAuts
     D:2: 982 daAuts
     D:3: 923 daAuts
     D:1: 857 daAuts
  Temple: 82 daAuts
     D:5: 59 daAuts

Table legend:
 A = Non-vault XP
 B = Vault XP
 C = Vault XP percentage of total XP
 D = Non-vault monster count
 E = Vault monster count
 F = Vault count percentage of total count
                 A         B        C        D         E       F
            +---------+---------+-------+---------+---------+-------
      Total |     678 |     478 |  41.3 |      95 |       4 |   4.0
            +---------+---------+-------+---------+---------+-------
        D:1 |      51 |       0 |   0.0 |      32 |       0 |   0.0
        D:2 |      95 |     266 |  73.7 |      16 |       2 |  11.1
        D:3 |      89 |      40 |  31.0 |      22 |       1 |   4.3
        D:4 |     397 |       0 |   0.0 |      20 |       0 |   0.0
        D:5 |      46 |     172 |  78.9 |       5 |       1 |  16.7
            +---------+---------+-------+---------+---------+-------
